 Dungeon Crawl Stone Soup version 0.26.1 (webtiles) character file.

Game seed: 8406002573634173013

530718 hatsuma the Phalangite (level 24, -4/232 HPs)
             Began as a Minotaur Berserker on Feb 3, 2021.
             Was the Champion of Trog.
             Slain by a phantasmal warrior (12 damage)
             ... on level 5 of the Vaults on Feb 5, 2021.
             The game lasted 08:29:11 (73407 turns).

hatsuma the Phalangite (Minotaur Berserker)        Turns: 73407, Time: 08:29:12

Health: -4/232     AC: 52    Str: 34    XL:     24   Next: 95%
Magic:  19/19      EV: 17    Int:  6    God:    Trog [******]
Gold:   4074       SH:  0    Dex: 21    Spells: 23/23 levels left

rFire    . . .     SeeInvis .   a - +5 scythe "Finisher" {speed, eviscerate}
rCold    + + +     Faith    +   (shield currently unavailable)
rNeg     . . .     Spirit   .   h - +10 crystal plate armour of Esorys {Will++ Str-3 Int+2 Stlth+}
rPois    +         Reflect  .   C - +0 hat of the Hidden Vale {Str+5}
rElec    +         Harm     .   i - +4 cloak of Hopscotch {rC++}
rCorr    .         Rampage  +   U - +2 pair of gloves
Will     +++..                  N - +2 pair of boots {rampage}
Stlth    ..........             X - amulet of faith
HPRegen  1.48/turn              P - ring "Boecaima" {rPois rC+ Will+ Str+5}
MPRegen  0.16/turn              R - ring "Argheskyrph" {rElec rC+ Dex+4 Stlth+}

@: weak-willed, regenerating
A: retaliatory headbutt, horns 2, low mp 1
}: 2/15 runes: decaying, gossamer
a: Renounce Religion, Berserk, Trog's Hand, Brothers in Arms


You were on level 5 of the Vaults.
You worshipped Trog.
Trog was exalted by your worship.
You visited 8 branches of the dungeon, and saw 44 of its levels.
You also visited: Sewer, Gauntlet, Ice Cave and Volcano.

You collected 5738 gold pieces.
You spent 1664 gold pieces at shops.

Inventory:

Hand Weapons
 a - the +5 scythe "Finisher" (weapon) {speed, eviscerate}
   (You took it off a deep elf archer on level 3 of the Elven Halls)

   Attacks with this weapon are significantly faster.
 b - the +6 arbalest "Zuabb" {vorpal, rN+ Will+}
   (You found it in an ice cave)

   Any bolt fired from it inflicts extra damage.
   It protects you from negative energy.
   It affects your willpower, your defense against some magical effects.
 Q - a +9 antimagic battleaxe
Missiles
 k - 10 silver boomerangs (quivered)
 A - 1372 bolts
Armour
 h - the +10 crystal plate armour of Esorys (worn) {Will++ Str-3 Int+2 Stlth+}
   (You acquired it on level 2 of the Orcish Mines)

   It affects your strength (-3).
   It affects your intelligence (+2).
   It affects your willpower, your defense against some magical effects.
   It makes you more stealthy.
 i - the +4 cloak of Hopscotch (worn) {rC++}
   (You acquired it on level 2 of the Orcish Mines)

   It greatly protects you from cold.
 C - the +0 hat of the Hidden Vale (worn) {Str+5}
   (You found it on level 1 of the Vaults)

   It affects your strength (+5).
 N - a +2 pair of boots of rampaging (worn)
 U - a +2 pair of gloves (worn)
Jewellery
 P - the ring "Boecaima" (left hand) {rPois rC+ Will+ Str+5}
   (You found it on level 4 of the Depths)

   [ring of protection from cold]

   It affects your strength (+5).
   It protects you from cold.
   It protects you from poison.
   It affects your willpower, your defense against some magical effects.
 R - the ring "Argheskyrph" (right hand) {rElec rC+ Dex+4 Stlth+}
   (You acquired it on level 2 of the Swamp)

   [ring of stealth]

   It affects your dexterity (+4).
   It protects you from cold.
   It insulates you from electricity.
   It makes you more stealthy.
 S - the ring "Yjiuzxubb" {Fire rN++}
   (You found it on level 3 of the Lair of Beasts)

   [ring of fire]

   It enhances your fire magic.
   It protects you from fire.
   It makes you vulnerable to cold.
   It greatly protects you from negative energy.
 T - the ring of Gin and Tonic {+Blink rC+ SInv}
   (You took it off a deep elf mage on level 3 of the Elven Halls)

   [ring of see invisible]

   It protects you from cold.
   It lets you see invisible.
   It lets you blink.
 V - an uncursed ring of resist corrosion
 X - an amulet of faith (around neck)
Wands
 l - a wand of polymorph (28)
 m - a wand of paralysis (40)
 q - a wand of disintegration (33)
 t - a wand of flame (12)
 I - a wand of iceblast (65)
 K - a wand of acid (35)
 M - a wand of enslavement (22)
 Y - a wand of digging (22)
Scrolls
 c - 2 scrolls of vulnerability
 d - 12 scrolls of remove curse
 g - 14 scrolls of fear
 p - 19 scrolls of teleportation
 r - 2 scrolls of magic mapping
 y - 2 scrolls of immolation
 B - 6 scrolls of blinking
 D - 5 scrolls of fog
 L - 4 scrolls of holy word
 O - 3 scrolls of silence
 W - 2 scrolls of summoning
Potions
 e - 12 potions of curing
 f - 4 potions of resistance
 j - 2 potions of invisibility
 n - 2 potions of cancellation
 o - 10 potions of heal wounds
 s - 4 potions of flight
 u - 4 potions of lignification
 v - 6 potions of attraction
 w - 8 potions of might
 z - 5 potions of haste
 G - 3 potions of mutation
 H - 11 potions of ambrosia
Miscellaneous
 x - a condenser vane
 E - a phantom mirror (inert)
 F - a lightning rod (4/4)
 J - a tin of tremorstones (1/2)
 Z - a box of beasts


   Skills:
 + Level 22.2 Fighting
 - Level 20.0(24.2) Axes
 - Level 23.8(26.0) Polearms
 - Level 17.2 Crossbows
 - Level 22.0 Armour
 - Level 13.0 Dodging
 - Level 14.0 Evocations


You had 23 spell levels left.
You didn't know any spells.
Your spell library was empty.

Dungeon Overview and Level Annotations

Branches:
Dungeon (15/15)            Temple (0/1) D:4            Lair (6/6) D:9
  Swamp (4/4) Lair:3       Spider (4/4) Lair:3        Slime (0/5) Lair:5
    Orc (2/2) D:10            Elf (3/3) Orc:2        Vaults (5/5) D:14
  Crypt (0/3) Vaults:2     Depths (5/5) D:15            Zot (0/5) Depths:5
  Sewer (visited)           IceCv (visited)         Volcano (visited)
Gauntlet (visited)

Altars:
Cheibriados
Fedhas
Kikubaaqudgha
Makhleb
Nemelex Xobeh
Okawaru
Qazlal
Sif Muna
Trog
Uskayaw
Vehumet
Xom
Yredelemnul
Beogh
Jiyva

Shops:
D:5 !   D:8 [   D:12 }   D:15 (   Orc:2 (?*!   Elf:1 :!   Elf:2 }   Elf:3 [
Vaults:2 *   Vaults:3 =   Depths:2 ?([

Portals:
Hell: Depths:1 Depths:2 Depths:3 Depths:4 Depths:5
Pandemonium: Depths:2 Depths:3
Ziggurat: Depths:1

Annotations:
D:10 2 runed translucent doors, delverdan's ghost, journeyman MfGl


Innate Abilities, Weirdness & Mutations

You reflexively headbutt those who attack you in melee.
You have a pair of horns on your head.
Your magical capacity is low. (-10% MP)


Message History

You kill the frost giant!
Trog accepts your kill.
Trog appreciates your killing of a magic user.
The manticore changes into a jumping spider!
The deep elf mage gestures wildly while chanting.
The deep elf mage blinks!
The phantasmal warrior hits you but does no damage.
Aiming: Phantom Mirror
Press: ? - help, Dir - move target, f - titan
Aim: a titan (heavily wounded)
You reflect the titan with the mirror!
The mirror clouds!
The deep elf knight seems to regain its courage.
The titan waves its arms in wide circles.
The air twists around and strikes you!
* * * LOW HITPOINT WARNING * * *
Your titan hits the titan!
The deep elf mage almost stumbles in trying to escape.
The deep elf mage mumbles some strange words.
The deep elf mage blinks!
The phantasmal warrior hits you!
You die...

#######
###s.=§(§.
#§@W::|e[)
#e.)))[φ§=}
##.§?[:/}=/
###CC$)$..
#...§.#
......
......
e....C


You could see a titan, a frost giant (fleeing), a deep elf knight (fleeing), a
phantasmal warrior, 2 deep elf magi, a jumping spider shaped shifter and a
friendly titan (summoned, drained).

Vanquished Creatures
  An ancient lich (Vaults:5)
  Mara (Depths:2)
  A juggernaut (Depths:5)
  Bai Suzhen (Swamp:2)
  Nikola (Swamp:3)
  the Enchantress (Depths:2)
  A bone dragon (Vaults:2)
  A tentacled monstrosity (Depths:5)
  Jorgrun (Elf:2)
  Rupert (Lair:4)
  2 deep elf master archers (Elf:3)
  3 deep elf blademasters
  3 liches
  A titan (Depths:5)
  2 sphinxes
  6 tengu reavers
  4 thorn hunters
  Donald (Spider:1)
  A storm dragon (Depths:5)
  2 shadow dragons
  Roxanne (Swamp:4)
  An iron dragon (Depths:5)
  3 fire giants
  10 vault wardens
  3 emperor scorpions
  4 ghost moths
  2 orc warlords
  Louise (Elf:2)
  A draconian knight (Depths:5)
  5 frost giants
  A cacodemon (Depths:2)
  4 draconian stormcallers (Depths:5)
  5 deep elf sorcerers (Elf:3)
  8 ironheart preservers
  A caustic shrike skeleton (Depths:4)
  A reaper (IceCv)
  4 spriggan defenders
  21 stone giants
  5 deep elf elementalists (Elf:3)
  3 vampire knights
  23 very ugly things
  2 black draconians (Depths:5)
  A green draconian (Depths:5)
  2 bunyips
  3 deep elf demonologists
  4 dire elephants (Lair:6)
  8 deep elf annihilators (Elf:3)
  A minotaur (Gauntlet)
  7 entropy weavers
  17 spark wasps
  A white draconian (Depths:5)
  6 deep elf death magi
  Snorg (Lair:4)
  2 eleionomae
  A merfolk javelineer (Depths:1)
  3 jiangshi (Depths:5)
  8 fire dragons
  11 ettins
  A shambling mangrove (Swamp:1)
  6 deep elf high priests
  13 yaktaur captains
  6 rakshasas
  11 vault guards
  24 hydras
  13 great orbs of eyes
  8 ice dragons
  7 boulder beetles
  3 ghost crabs
  An anaconda (Lair:6)
  4 spriggan air magi
  12 centaur warriors
  8 alligators
  2 death knights
  24 dancing weapons
  10 ogre magi
  10 deep troll shamans
  7 tengu warriors
  30 two-headed ogres
  A death scarab (Gauntlet)
  4 death yaks
  A queen ant (Lair:6)
  9 deep troll earth magi
  Urug (D:10)
  3 orc high priests
  3 vampire magi
  A storm dragon zombie (Vaults:1)
  9 spriggan berserkers
  22 deep elf knights
  2 shadow wraiths (Vaults:2)
  A fire crab (shapeshifter) (Depths:4)
  4 iron trolls
  30 skeletal warriors
  3 goliath frogs
  A torturous demonspawn (Depths:2)
  3 spriggan druids
  27 deep trolls
  A shadow demon (Depths:3)
  6 bog bodies
  5 unseen horrors
  A swamp dragon (shapeshifter) (Depths:1)
  A storm dragon skeleton (Depths:4)
  A gelid demonspawn (Depths:3)
  5 flayed ghosts
  23 deep elf archers
  9 wizards
  12 swamp dragons
  6 golden dragon skeletons (Depths:4)
  A wolf spider zombie (D:15)
  15 orb spiders
  5 phantasmal warriors
  43 ugly things
  13 orc knights
  A tengu skeleton (Depths:4)
  11 harpies
  A lindwurm (Lair:4)
  64 deep elf magi
  9 ironbrand convokers
  3 shadow dragon skeletons (Depths:4)
  8 orc sorcerers
  2 will-o-the-wisps
  23 wolf spiders
  3 sphinx skeletons (Depths:4)
  A manticore (D:14)
  2 ice statues (IceCv)
  Maurice (Orc:1)
  4 cyclopes
  2 rust devils
  4 moths of wrath
  A salamander (shapeshifter) (D:14)
  4 iron dragon skeletons (Depths:4)
  A guardian serpent (shapeshifter) (Depths:2)
  A moth of wrath (shapeshifter) (Vaults:1)
  3 black mambas
  7 vault sentinels
  24 elephants
  A fire giant skeleton (Depths:4)
  A naga mage (Vaults:1)
  11 cane toads
  4 gargoyles
  6 elf skeletons (Depths:4)
  3 minotaur zombies (Gauntlet)
  3 torpor snails
  A spriggan skeleton (Depths:4)
  A yaktaur (shapeshifter) (Depths:1)
  A yaktaur zombie (Vaults:1)
  Maggie (D:9)
  2 komodo dragons (shapeshifter)
  2 rime drakes (shapeshifter)
  3 rime drakes
  A freezing wraith (D:15)
  4 efreet
  11 komodo dragons
  37 yaktaurs
  9 demonic crawlers
  7 tengu conjurers
  8 ice devils (IceCv)
  A red devil (Depths:3)
  A polar bear (shapeshifter) (Depths:2)
  A bloated husk (Swamp:3)
  3 polar bears
  34 jumping spiders
  A blink frog (shapeshifter) (Vaults:1)
  A hornet (shapeshifter) (Vaults:2)
  9 trolls
  25 hornets
  24 blink frogs
  11 dream sheep
  22 slime creatures
  2 human simulacra (Vaults:1)
  8 tyrant leeches
  78 redbacks
  12 flying skulls (Depths:4)
  4 shadows
  8 wyverns
  2 centaur simulacra (Gauntlet)
  21 spriggans
  26 tarantellas
  Grum (D:10)
  2 air elementals
  3 fire bats (Volcano)
  6 wraiths
  A hog (shapeshifter) (Vaults:1)
  6 water elementals
  37 yaks
  A chaos spawn (Depths:2)
  4 fire elementals
  2 neqoxecs
  A basilisk (shapeshifter) (Vaults:4)
  2 steam dragons
  11 vampire mosquitoes
  9 basilisks
  A redback simulacrum (Gauntlet)
  A spectral cane toad (Gauntlet)
  20 swamp worms
  17 water moccasins
  9 wargs
  5 soldier ants (Lair:6)
  A floating eye (Depths:4)
  2 acid dragons (Vaults:2)
  A water moccasin (shapeshifter) (D:14)
  3 hell hounds (Orc:2)
  36 orc warriors
  A hydra simulacrum (Gauntlet)
  An ogre skeleton (Vaults:1)
  9 swamp drakes
  7 sky beasts
  2 hornet zombies
  4 necrophages
  4 ice beasts
  6 black bears
  2 eyes of draining (shapeshifter)
  19 ogres
  35 wolves
  20 centaurs
  A big kobold (Sewer)
  22 bullfrogs
  2 wyvern zombies
  6 earth elementals
  A wyvern skeleton (D:14)
  5 scorpions
  17 killer bees
  22 wights
  3 electric eels (Lair:6)
  7 lava snakes (Volcano)
  6 howler monkeys
  2 bullfrog zombies
  A quasit (Depths:2)
  A yaktaur simulacrum (Vaults:1)
  4 centaur skeletons
  5 centaur zombies
  2 iron imps (Depths:2)
  2 jellies
  17 orc priests
  3 bullfrog skeletons
  4 hounds
  5 iguanas
  25 orc wizards
  33 worker ants
  A killer bee zombie (D:5)
  2 hound skeletons
  2 worker ant zombies
  17 adders
  A river rat (Sewer)
  2 shadow imps (Depths:2)
  14 white imps
  8 ufetubi
  2 oozes
  An adder zombie (D:5)
  2 worms (D:3)
  3 dart slugs
  4 leopard geckos
  96 orcs
  3 bat zombies (D:3)
  4 giant cockroaches
  2 goblins (D:2)
  6 hobgoblins
  20 jackals
  6 kobolds
  3 quokkas
  2 ball pythons
  5 bats
  4 frilled lizards
  2 leopard gecko skeletons
  9 rats
  8 briar patches
  A bush (D:9)
2001 creatures vanquished.

Vanquished Creatures (collateral kills)
  A deep elf sorcerer (Elf:3)
  An orc warlord (Orc:2)
  Azrael (Orc:2)
  A spark wasp (Depths:3)
  An orc high priest (Orc:2)
  3 deep elf archers
  A necromancer (Vaults:1)
  2 orc knights
  A wolf spider (Spider:3)
  An orb spider (Spider:3)
  3 deep elf magi
  A cyclops (Vaults:1)
  A moth of wrath (Spider:3)
  A torpor snail (Spider:3)
  An entropy weaver simulacrum (Vaults:1)
  A jumping spider (Spider:3)
  3 redbacks
  10 orc warriors
  An earth elemental (Elf:1)
  3 orc priests (Orc:2)
  An orc wizard (Orc:2)
  6 orcs
45 creatures vanquished.

Vanquished Creatures (others)
  A lich (Depths:2)
  A frost giant (Depths:2)
  An ironheart preserver (Vaults:5)
  A vampire knight (Depths:4)
  An ice dragon (Depths:2)
  A deep elf knight (Elf:1)
  A shadow wraith (Vaults:4)
  An orb spider (Spider:3)
  2 wolf spiders (Spider:2)
  A bloated husk (Swamp:3)
  2 jumping spiders (Spider:3)
  A water elemental (Elf:3)
  A human (D:10)
  An orc wizard (Orc:2)
  2 white imps (IceCv)
  2 ufetubi (IceCv)
  An orc (Orc:2)
  4 briar patches (Swamp:4)
  A bush (D:9)
  7 foxfires
  60 fungi
  169 plants
262 creatures vanquished.

Grand Total: 2308 creatures vanquished

Notes
Turn   | Place    | Note
-------+----------+-------------------------------------------
     0 | D:1      | hatsuma the Minotaur Berserker began the quest for the Orb.
     0 | D:1      | Reached XP level 1. HP: 19/19 MP: 0/0
   163 | D:1      | Reached XP level 2. HP: 26/26 MP: 1/1
  1328 | D:2      | Reached XP level 3. HP: 33/33 MP: 2/2
  1568 | D:2      | Reached ** piety under Trog
  1693 | D:2      | Reached XP level 4. HP: 40/40 MP: 3/3
  1800 | D:2      | Found a shimmering blue altar of Sif Muna.
  1957 | D:2      | Found an iron altar of Okawaru.
  2100 | D:3      | Found a glowing drain.
  2114 | Sewer    | Entered a sewer
  2174 | Sewer    | Noticed a big kobold
  2186 | Sewer    | Killed a big kobold
  2187 | Sewer    | Reached skill level 5 in Axes
  2187 | Sewer    | Reached XP level 5. HP: 46/46 MP: 4/4
  2264 | Sewer    | Found a white marble altar of Elyvilon.
  2724 | D:3      | Found a basalt altar of Yredelemnul.
  2915 | D:3      | Found an ancient bone altar of Kikubaaqudgha.
  2999 | D:4      | Found a staircase to the Ecumenical Temple.
  3028 | D:4      | Reached skill level 5 in Fighting
  3258 | D:4      | Reached XP level 6. HP: 56/56 MP: 5/5
  3774 | D:5      | Entered Level 5 of the Dungeon
  3779 | D:5      | Reached skill level 5 in Dodging
  3920 | D:5      | Reached *** piety under Trog
  4192 | D:5      | Reached XP level 7. HP: 57/61 MP: 6/6
  4341 | D:5      | Found Besmosanoe's Distillery.
  4803 | D:5      | Found a burning altar of Makhleb.
  5446 | D:6      | Reached skill level 5 in Armour
  5446 | D:6      | Reached XP level 8. HP: 54/73 MP: 7/7
  5893 | D:6      | Found a sparkling altar of Nemelex Xobeh.
  6325 | D:7      | Found a stormy altar of Qazlal.
  6333 | D:7      | Noticed an air elemental
  6612 | D:7      | Noticed a +0 hand axe
  6612 | D:7      | Noticed a +0 dagger
  6617 | D:7      | Found a hide-covered altar of Uskayaw.
  6650 | D:7      | Found a bloodstained altar of Trog.
  6834 | D:8      | Got a crude short sword
  6914 | D:8      | Reached **** piety under Trog
  6926 | D:8      | Found Reuqy's Armour Emporium.
  6970 | D:8      | Found a shimmering altar of Xom.
  7028 | D:8      | Found a radiant altar of Vehumet.
  7095 | D:8      | Reached XP level 9. HP: 73/81 MP: 8/8
  7843 | D:9      | Noticed Maggie
  7853 | D:9      | Killed Maggie
  8068 | D:9      | Noticed a cyclops
  8098 | D:9      | Killed a cyclops
  8452 | D:9      | Noticed a komodo dragon
  8462 | D:9      | Killed a komodo dragon
  8823 | D:9      | Reached skill level 1 in Evocations
  8879 | D:9      | Identified the +4 short sword of Trauma {holy, Str+3 SInv}
                  | (You found it on level 8 of the Dungeon)
  8910 | D:9      | Found a staircase to the Lair.
  8914 | D:9      | Reached XP level 10. HP: 85/91 MP: 9/9
  9120 | D:9      | Found a blossoming altar of Fedhas.
  9212 | D:9      | Reached skill level 10 in Axes
  9608 | D:9      | Reached skill level 10 in Fighting
  9871 | D:10     | Entered Level 10 of the Dungeon
  9872 | D:10     | Noticed a gargoyle
  9883 | D:9      | Killed a gargoyle
 10045 | D:10     | Noticed Urug
 10234 | Lair:1   | Entered Level 1 of the Lair of Beasts
 10280 | Lair:1   | Noticed a cane toad
 10287 | Lair:1   | Killed a cane toad
 10288 | Lair:1   | Reached skill level 10 in Armour
 10338 | Lair:1   | Found a transporter.
 10338 | Lair:1   | Noticed a boulder beetle
 10339 | Lair:1   | Found a transporter.
 10806 | Lair:1   | Reached XP level 11. HP: 99/102 MP: 10/10
 11852 | Lair:2   | Found a gate leading to a gauntlet.
 11867 | Gauntlet | Entered a Gauntlet
 11867 | Gauntlet | Found a transporter.
 11867 | Gauntlet | Found a transporter.
 11867 | Gauntlet | Found a transporter.
 11867 | Gauntlet | Noticed a death scarab
 11875 | Gauntlet | Found a transporter.
 11876 | Gauntlet | Found a transporter.
 11876 | Gauntlet | Found a transporter.
 11886 | Gauntlet | Found a transporter.
 11886 | Gauntlet | Found a transporter.
 11890 | Gauntlet | Found a transporter.
 11891 | Gauntlet | Found a transporter.
 11892 | Gauntlet | Noticed a death yak
 11892 | Gauntlet | Noticed a death yak
 11894 | Gauntlet | Noticed a necromancer
 11895 | Gauntlet | Noticed a death yak
 11901 | Gauntlet | Found a transporter.
 11904 | Gauntlet | Found a transporter.
 12070 | Gauntlet | Killed a death scarab
 12071 | Gauntlet | Reached skill level 10 in Dodging
 12271 | Gauntlet | Got an ancient hat
 12277 | Gauntlet | Identified the +0 hat "Fiul" {rN++ Int+7 Dex-5} (You found
                  | it in a Gauntlet)
 12575 | Gauntlet | Got a steaming brass ring
 12766 | Gauntlet | Identified the ring "Etepyt" {+Blink Str+6 Int+4 Slay-6
                  | SInv} (You found it in a Gauntlet)
 12889 | Gauntlet | Noticed a minotaur
 12890 | Gauntlet | Found the +5 robe of Misfortune {*Contam Harm *Corrode
                  | *Drain *Slow EV+5}
 12904 | Gauntlet | Killed a minotaur
 13661 | Lair:2   | Noticed a five-headed hydra
 13669 | Lair:2   | Killed a one-headed hydra
 13674 | Lair:2   | Noticed a four-headed hydra
 13692 | Lair:2   | Killed a one-headed hydra
 14232 | Lair:2   | Reached XP level 12. HP: 110/110 MP: 11/11
 14501 | Lair:2   | Noticed a boulder beetle
 14504 | Lair:2   | Noticed a bunyip
 14504 | Lair:2   | a boulder beetle changed into a bunyip
 14511 | Lair:2   | Killed a bunyip
 14567 | Lair:2   | Reached skill level 15 in Armour
 15055 | Lair:3   | Got a steaming turquoise ring
 15061 | Lair:3   | Identified the ring "Yjiuzxubb" {Fire rN++} (You found it
                  | on level 3 of the Lair of Beasts)
 15092 | Lair:3   | Found a staircase to the Swamp.
 15676 | Lair:3   | You fall into a shaft and drop 2 floors!
 15690 | Lair:5   | Found a dark tunnel.
 15718 | Volcano  | Entered a volcano
 15895 | Volcano  | HP: 8/165 [earth elemental (19)]
 15959 | Volcano  | Found a bloodstained altar of Trog.
 15975 | Volcano  | Noticed a stone giant
 15993 | Volcano  | Killed a stone giant
 16028 | Volcano  | Found a radiant altar of Vehumet.
 16467 | Lair:5   | Reached XP level 13. HP: 63/117 MP: 12/12
 16842 | Lair:5   | You fall into a shaft and drop 1 floor!
 16842 | Lair:6   | Entered Level 6 of the Lair of Beasts
 17095 | Lair:6   | Noticed an entropy weaver
 17560 | Lair:5   | Found a staircase to the Slime Pits.
 17560 | Lair:5   | Found a viscous altar of Jiyva.
 17930 | Lair:4   | Reached skill level 5 in Evocations
 18420 | Lair:4   | Noticed Rupert
 18442 | Lair:4   | Killed Rupert
 18499 | Lair:4   | Noticed Snorg
 18509 | Lair:4   | Killed Snorg
 18959 | Lair:3   | Found a hole to the Spider Nest.
 19542 | Lair:3   | Reached ***** piety under Trog
 19557 | Lair:3   | Reached XP level 14. HP: 101/129 MP: 13/13
 20523 | Lair:5   | Upgraded the game from 0.26.0-90-g5fd8617961 to
                  | 0.26.0-91-g99b343417d
 22868 | Lair:6   | Received a gift from Trog
 23046 | Lair:6   | Reached skill level 10 in Evocations
 23573 | D:10     | Killed Urug
 23636 | D:10     | Found a staircase to the Orcish Mines.
 23653 | D:10     | Noticed Grum
 23666 | D:10     | Killed Grum
 23695 | D:10     | Found an ancient bone altar of Kikubaaqudgha.
 23815 | D:10     | Found a large runed translucent door.
 23815 | D:10     | Found a large runed translucent door.
 23816 | D:10     | Noticed delverdan's ghost (journeyman MfGl)
 24000 | D:10     | Got a jewelled scale mail
 24011 | D:10     | Identified the +6 scale mail "Mashaid" {*Contam rF++ rC+++
                  | Dex-5} (You found it on level 10 of the Dungeon)
 24961 | D:12     | Received a gift from Trog
 24968 | D:12     | Reached XP level 15. HP: 128/138 MP: 14/14
 25557 | D:12     | Reached skill level 15 in Axes
 25964 | D:12     | Found Egafant's Gadget Boutique.
 26248 | Orc:1    | Entered Level 1 of the Orcish Mines
 26449 | Orc:1    | Noticed Maurice
 26453 | Orc:1    | Killed Maurice
 27268 | Orc:1    | Noticed an orc warlord
 27287 | Orc:1    | Killed an orc warlord
 27288 | Orc:1    | Reached skill level 15 in Fighting
 27328 | Orc:1    | Found a roughly hewn altar of Beogh.
 27367 | Orc:1    | Received a gift from Trog
 27755 | Orc:2    | Entered Level 2 of the Orcish Mines
 27787 | Orc:2    | Noticed an orc warlord
 27828 | Orc:2    | Killed an orc warlord
 27928 | Orc:2    | Noticed an orc warlord
 27938 | Orc:2    | Killed an orc warlord
 28116 | Orc:2    | Noticed Azrael
 28118 | Orc:2    | Found a staircase to the Elven Halls.
 28130 | Orc:2    | Killed Azrael
 28410 | Orc:2    | Reached skill level 1 in Crossbows
 28760 | Orc:2    | Found Cateow's Distillery.
 28801 | Orc:2    | Reached skill level 5 in Crossbows
 28958 | Orc:2    | Found Fica's Weapon Shop.
 28966 | Orc:2    | Found Nuublote's Magic Scroll Shop.
 29021 | Orc:2    | Found Mocudel's Assorted Antiques.
 29086 | Orc:2    | Bought a scroll of acquirement for 832 gold pieces
 29086 | Orc:2    | Acquired the +4 cloak of Hopscotch {rC++}
 29100 | Orc:2    | Bought a scroll of acquirement for 832 gold pieces
 29100 | Orc:2    | Acquired the +10 crystal plate armour of Esorys {Will++
                  | Str-3 Int+2 Stlth+}
 29476 | D:13     | Reached ****** piety under Trog
 29479 | D:13     | Received a gift from Trog
 29946 | D:14     | Found a frozen archway.
 29953 | IceCv    | Entered an ice cave
 30167 | IceCv    | Received a gift from Trog
 30276 | IceCv    | Got a pitted arbalest
 30287 | IceCv    | Identified the +6 arbalest "Zuabb" {vorpal, rN+ Will+} (You
                  | found it in an ice cave)
 30508 | D:14     | Reached XP level 16. HP: 149/149 MP: 15/15
 31047 | D:14     | Found a gate to the Vaults.
 31617 | D:15     | Entered Level 15 of the Dungeon
 31890 | D:15     | Received a gift from Trog
 32059 | D:15     | Found Wipsunec's Weapon Emporium.
 32358 | D:15     | Found a staircase to the Depths.
 32831 | Spider:1 | Entered Level 1 of the Spider Nest
 33867 | Spider:2 | Noticed Donald
 34197 | Spider:1 | Killed Donald
 34419 | Spider:2 | Received a gift from Trog
 36181 | Spider:3 | Reached skill level 10 in Crossbows
 36184 | Spider:3 | Received a gift from Trog
 36287 | Spider:3 | Reached XP level 17. HP: 144/159 MP: 16/16
 37255 | Spider:4 | Entered Level 4 of the Spider Nest
 37772 | Spider:4 | Paralysed by a hornet for 1 turns
 38594 | Spider:4 | Received a gift from Trog
 39624 | Spider:4 | Got a gossamer rune of Zot
 39803 | Swamp:1  | Entered Level 1 of the Swamp
 39804 | Swamp:1  | Upgraded the game from 0.26.0-91-g99b343417d to 0.26.1
 40311 | Swamp:1  | Received a gift from Trog
 41113 | Elf:1    | Entered Level 1 of the Elven Halls
 41607 | Elf:1    | Received a gift from Trog
 41667 | Elf:1    | Got a scorched rapier {god gift}
 41671 | Elf:1    | Identified the +10 rapier "Iluisaex" {flame, rN+ Int+3}
                  | (Trog gifted it to you on level 1 of the Elven Halls)
 42063 | Elf:1    | Found Worgh's Book Emporium.
 42067 | Elf:1    | Found Jetekkurph's Distillery.
 42314 | Elf:1    | Reached XP level 18. HP: 169/169 MP: 5/17
 43232 | Elf:2    | Received a gift from Trog
 43235 | Elf:2    | Got a bone battleaxe {god gift}
 43245 | Elf:2    | Identified the +2 battleaxe of Sovois {vorpal, Stlth+}
                  | (Trog gifted it to you on level 2 of the Elven Halls)
 43410 | Elf:2    | Found a runed translucent gate.
 43410 | Elf:2    | Found a runed translucent gate.
 43410 | Elf:2    | Found a runed translucent gate.
 43435 | Elf:2    | Found Komnisma's Gadget Shoppe.
 43955 | Elf:2    | Noticed Louise
 44415 | Elf:2    | Killed Louise
 45007 | Elf:2    | Noticed Jorgrun
 45020 | Elf:2    | Killed Jorgrun
 45161 | Elf:3    | Entered Level 3 of the Elven Halls
 45181 | Elf:3    | Received a gift from Trog
 45256 | Elf:3    | Found Fiuc Maronae's Armour Shoppe.
 46983 | Swamp:2  | Received a gift from Trog
 47016 | Swamp:2  | Acquired the ring "Argheskyrph" {rElec rC+ Dex+4 Stlth+}
 47500 | Swamp:2  | Found a snail-covered altar of Cheibriados.
 47993 | Swamp:3  | Noticed Nikola
 48000 | Swamp:3  | Killed Nikola
 48294 | Swamp:3  | Noticed Bai Suzhen
 48309 | Swamp:2  | Killed Bai Suzhen
 48310 | Swamp:2  | Reached XP level 19. HP: 55/180 MP: 18/18
 49497 | Swamp:4  | Entered Level 4 of the Swamp
 49706 | Swamp:4  | Reached skill level 15 in Crossbows
 51235 | Swamp:4  | Received a gift from Trog
 51465 | Swamp:4  | Identified Roxanne's Collected Works on Stones
 51465 | Swamp:4  | Noticed Roxanne
 52009 | Swamp:4  | Killed Roxanne
 52677 | Swamp:4  | Received a gift from Trog
 53250 | Swamp:4  | Got a decaying rune of Zot
 54186 | Elf:3    | Reached skill level 1 in Polearms
 54219 | Elf:3    | Reached skill level 2 in Polearms
 54341 | Elf:3    | Reached skill level 3 in Polearms
 54354 | Elf:3    | Reached skill level 4 in Polearms
 54363 | Elf:3    | Identified the +9 dire flail "Pugocad" {flame, +Fly rF-
                  | rN+++}
 54363 | Elf:3    | Identified the ring of Gin and Tonic {+Blink rC+ SInv}
 54366 | Elf:3    | Received a gift from Trog
 54367 | Elf:3    | Reached skill level 5 in Polearms
 55033 | Elf:2    | Reached skill level 6 in Polearms
 55176 | Elf:3    | Reached skill level 7 in Polearms
 55347 | Elf:3    | Found the +6 shillelagh "Devastator" {shatter}
 55356 | Elf:3    | Identified the Catalogue of the Virous Traveller
 55360 | Elf:3    | Identified Xuijamp's Grimoire of the Frostbite and
                  | Transformation
 55382 | Elf:3    | Identified Gagroa's Compendium of Evil and Ignition
 55715 | Vaults:1 | Entered Level 1 of the Vaults
 55749 | D:14     | Reached skill level 8 in Polearms
 55749 | D:14     | Reached XP level 20. HP: 173/191 MP: 19/19
 55859 | Vaults:1 | Reached skill level 9 in Polearms
 56034 | Vaults:1 | Reached skill level 10 in Polearms
 56254 | Vaults:1 | Reached skill level 11 in Polearms
 56297 | Vaults:1 | Reached skill level 12 in Polearms
 56443 | Vaults:1 | Received a gift from Trog
 56569 | Vaults:1 | Reached skill level 13 in Polearms
 57093 | Vaults:1 | Reached skill level 14 in Polearms
 57276 | Vaults:1 | Reached skill level 15 in Polearms
 57656 | Vaults:1 | You fall into a shaft and drop 1 floor!
 57685 | Vaults:2 | Received a gift from Trog
 57695 | Vaults:2 | Reached skill level 16 in Polearms
 57787 | Vaults:2 | You fall into a shaft and drop 1 floor!
 57806 | Vaults:3 | Reached skill level 17 in Polearms
 57806 | Vaults:3 | Reached XP level 21. HP: 198/198 MP: 20/20
 58732 | Vaults:3 | Found Luolem's Jewellery Shoppe.
 58775 | Vaults:3 | Received a gift from Trog
 59417 | Vaults:3 | Received a gift from Trog
 59665 | Vaults:2 | Found Ohunug's Assorted Antiques.
 59906 | Vaults:2 | Found a staircase to the Crypt.
 59970 | Vaults:2 | Reached XP level 22. HP: 202/205 MP: 21/21
 60218 | Vaults:2 | Reached skill level 18 in Polearms
 60676 | Vaults:1 | Found the +4 robe of Augmentation {Str+4 Int+4 Dex+4}
 60692 | Vaults:1 | Found a radiant altar of Vehumet.
 60693 | Vaults:1 | Found the +5 robe of Night {Dark Will+ SInv}
 60711 | Vaults:1 | Found the +3 hat of Pondering {ponderous, Will+ MP+10
                  | Int+5}
 60836 | Vaults:1 | Got a warped hat
 60847 | Vaults:1 | Identified the cursed +0 hat of the Hidden Vale {Str+5}
                  | (You found it on level 1 of the Vaults)
 61524 | Vaults:4 | Received a gift from Trog
 63009 | Vaults:4 | Received a gift from Trog
 63606 | Depths:1 | Entered Level 1 of the Depths
 64568 | Depths:1 | Found a gateway to Hell.
 64620 | Depths:1 | Received a gift from Trog
 64910 | Depths:1 | Found a gateway to a ziggurat.
 64950 | Depths:1 | Reached XP level 23. HP: 214/223 MP: 22/22
 64961 | Depths:1 | Acquired 617 gold pieces
 65123 | Depths:1 | Reached skill level 19 in Polearms
 65547 | Depths:2 | Received a gift from Trog
 65981 | Depths:2 | Reached skill level 20 in Polearms
 66262 | Depths:2 | Noticed the Enchantress
 66296 | Depths:2 | Killed the Enchantress
 66475 | Depths:2 | Found Xelaivai's Magic Scroll Emporium.
 66475 | Depths:2 | Found Jyer's Weapon Shoppe.
 66479 | Depths:2 | Found Heps's Armour Emporium.
 66512 | Depths:2 | Received a gift from Trog
 66727 | Depths:2 | Noticed Mara
 66739 | Depths:2 | Killed Mara
 66914 | Depths:2 | Found a one-way gate leading to the halls of Pandemonium.
 66919 | Depths:2 | Reached skill level 21 in Polearms
 67802 | Depths:3 | Received a gift from Trog
 68394 | Depths:3 | Gained mutation: Your magical capacity is low. (-10% MP) [a
                  | neqoxec]
 69412 | Depths:4 | Reached skill level 22 in Polearms
 69554 | Depths:4 | Received a gift from Trog
 69608 | Depths:4 | Reached XP level 24. HP: 231/231 MP: 19/19
 70200 | Depths:4 | Found the +7 pair of quick blades "Gyre" and "Gimble"
                  | {protect}
 70441 | Depths:4 | Reached skill level 23 in Polearms
 70844 | Depths:4 | Received a gift from Trog
 71056 | Depths:4 | Got a steaming ivory ring
 71073 | Depths:4 | Identified the ring "Boecaima" {rPois rC+ Will+ Str+5} (You
                  | found it on level 4 of the Depths)
 71206 | Depths:5 | Entered Level 5 of the Depths
 72004 | Depths:5 | Noticed a juggernaut
 72014 | Depths:5 | Killed a juggernaut
 72077 | Depths:5 | Received a gift from Trog
 72967 | Depths:5 | Found a gate to the Realm of Zot.
 73380 | Vaults:5 | Entered Level 5 of the Vaults
 73380 | Vaults:5 | Found the -2 hat of the Alchemist {rElec rPois rF+ rC+ rN+
                  | Will+ rMut rCorr}
 73380 | Vaults:5 | Noticed an ancient lich
 73398 | Vaults:5 | Killed an ancient lich
 73407 | Vaults:5 | HP: 8/232 [titan/the air (16)]
 73407 | Vaults:5 | Slain by a phantasmal warrior

Illustrated notes

Levels and vault maps discovered:
D:1:      wheals_arrival_linesprint, layout_loops_ring, serial_glass,
          glass_columns_b, glass_columns_b, glass_columns_a, glass_columns_a,
          glass_columns_b
D:2:      layout_loops_ring, okawaru_altar_gauntlet_db, lemuel_blue_sif_altar
D:3:      layout_rooms, lemuel_zombie_altar_kikubaaqudgha,
          nicolae_overflow_crystal_walls, cheibrodos_sewer_entry_drain,
          lemuel_flame_loot_1
D:4:      layout_loops_ring, temple_pool_b, minmay_misc_feat_more_columns
D:5:      layout_basic, lemuel_round_altar, serial_shops, shop
D:6:      layout_basic, nemelex_altar_shiori
D:7:      layout_rooms, kennysheep_mini, dancing_weapons_uskayaw,
          nicolae_qazlal_style_of_elements, st_stairs_10
D:8:      layout_loops_cross, lemuel_doored_altar, kennysheep_mini_moat,
          serial_shops, shop
D:9:      layout_stronghold, fedhas_altar_decomposition,
          grunt_lair_entry_orc_guard_hut, uniq_maggie
D:10:     layout_cross, david_orc_2, ebering_ghost_disaster_area,
          tgw_kikubaaqudgha, uniq_urug, uniq_grum
D:11:     layout_cave_pools, nrook_uturn, nicolae_straight_to_the_point
D:12:     layout_layer_cave, serial_shops,
          nicolae_shop_competitors_out_of_business
D:13:     layout_rooms, drop_trap
D:14:     layout_stronghold, david_vaults_4, roderic_serpentine_path,
          portal_ice_cave_entry_pillars_1
D:15:     grunt_enter_depths_hoard, layout_gridville, serial_shops, shop,
          corexii_corridor_pit
Lair:1:   gammafunk_boulding_lane, layout_small_grid, grunt_megastairs_5
Lair:2:   beast_lair_carwin_large_2, layout_small_grid, gauntlet_entry_generic,
          grunt_forest_small_clearings, small_statue_intersection,
          grunt_megastairs_2
Lair:3:   layout_small_grid, minmay_swamp_entry_worms,
          nicolae_spider_entry_tight_spaces
Lair:4:   layout_big_grid, serial_forest, infiniplex_forest_clump_cross,
          infiniplex_forest_join, infiniplex_forest_lined_4_way,
          infiniplex_forest_lined_2, chequers_serial_rivers_micro_c,
          lemuel_fruit_fields, uniq_rupert, uniq_snorg
Lair:5:   layout_cave_pods, slime_altar_1, nicolae_volcano_entry_hallway,
          grunt_forest_large_clearings
Lair:6:   due_jungle_book, layout_concentric_octagons, serial_bayou,
          serial_bayou_shore_b, serial_bayou_crossing, serial_bayou_lagoon_b,
          serial_bayou_pond_a, serial_bayou_shore_a,
          chequers_serial_rivers_micro_a, minmay_another_anthill
Swamp:1:  layout_falls_marsh, nicolae_swamp_treefoil, swamp_pool3
Swamp:2:  layout_basic_swamp, lemuel_altar_in_water
Swamp:3:  layout_basic_swamp, nicolae_swamp_feature_on_the_river_bank,
          uniq_bai_suzhen, uniq_nikola
Swamp:4:  swamp_basic_johnstein, layout_basic_swamp, swamp_pool1, uniq_roxanne
Spider:1: layout_spider_delve
Spider:2: layout_spider_delve, drop_trap, uniq_donald
Spider:3: layout_spider_delve, drop_trap
Spider:4: grunt_spider_rune_parallel
Orc:1:    layout_caves, minmay_orc_temple_c, uniq_maurice
Orc:2:    st_orc_elflike, layout_caves, uniq_azrael
Elf:1:    elf_arrival_001, layout_rooms, minivault_28, minmay_shoptagon
Elf:2:    layout_gridlike, serial_shops, shop_coins, uniq_louise, uniq_jorgrun
Elf:3:    minmay_elf_hall_x, layout_rooms, serial_shops, nicolae_shop_crystal,
          small_chamber_with_monster
Vaults:1: grunt_tower_of_power, ontoclasm_vaults_idyll,
          hangedman_vaults_river_flow, nicolae_vaults_little_squares_5,
          vaults_mumra_chevron, nicolae_vaults_mini_display_case,
          vaults_mumra_minichess, v_misc_9, nicolae_vaults_little_squares_1,
          grunt_vaults_hallway_long, vaults_room_semicircle, v_misc_24,
          hangedman_vaults_snaps, nicolae_vaults_shelves_hall,
          vaults_room_grunt_arrival_ludios, hangedman_vaults_impose,
          layout_vaults_maze_bifur
Vaults:2: v_misc_10, minmay_crypt_entry_nasty_monster, vaults_room_hallway,
          hangedman_vaults_maws, v_pattern_4, hangedman_vaults_pinch,
          nicolae_vaults_little_squares_1, v_misc_15,
          nicolae_vaults_angled_halls, nicolae_vaults_ring_of_whatevers,
          vaults_dpeg_ring, nicolae_vaults_windows_and_doors_thing,
          layout_vaults_omnicross, serial_shops, shop_coins
Vaults:3: v_misc_19, nicolae_vaults_little_squares_1, vaults_room_grid,
          nicolae_vaults_border_crossing, vaults_mumra_minichess_inversion,
          nicolae_vaults_little_squares_2, nicolae_vaults_diagonal_hallway_8,
          nicolae_vaults_little_ls, layout_vaults_chaotic_city, serial_shops,
          nicolae_shop_temple_entry_statues_fountains, uniq_margery
Vaults:4: v_misc_1, vaults_room_large_hall, grunt_vaults_hallway_long,
          vaults_dpeg_hooks, ontoclasm_vaults_twist,
          nicolae_vaults_three_branches, ontoclasm_vaults_chip,
          ontoclasm_vaults_spin, ontoclasm_vaults_misaligned,
          ontoclasm_vaults_pinch, nicolae_vaults_yaktaur_gun_rack,
          nicolae_vaults_network_quinsquares
          [nicolae_vaults_network_quincunx_subvault,
          nicolae_vaults_network_quincunx_subvault,
          nicolae_vaults_network_quincunx_subvault,
          nicolae_vaults_network_quincunx_subvault], hangedman_vaults_impose,
          layout_vaults_omnibox
Vaults:5: serial_shops, uniq_saint_roka
Depths:1: layout_cave_pools, enter_ziggurat_f, kennysheep_crisscross,
          hell_entry, drop_trap, nrook_loot_triangle, grunt_ministairs_8,
          nrook_mini_vaults, hangedman_decor_clover_reticule,
          chequers_decorated_corner
Depths:2: nzn_winding_woodlands_three_and_one
          [nzn_winding_woodlands_5x15_pockets,
          nzn_winding_woodlands_5x15_pathside_ponds,
          nzn_winding_woodlands_5x15_twine, nzn_winding_woodlands_center_lodge],
          layout_gridlike, hell_entry, grunt_pan_entry_zigzag,
          minmay_misc_feat_ornament, minmay_shop_star,
          infiniplex_staircase_pool_2, uniq_enchantress, uniq_mara
Depths:3: kennysheep_room_grid, layout_honeycomb, hell_entry,
          rand_demon_pan_entry_4, minmay_staircase_windowed_small
Depths:4: minmay_skeleton_keep, layout_honeycomb, marbit_kobold_abyss_entry,
          pf_vacation_house_of_asmodeus, serial_sigils,
          serial_sigils_hangedman_etch, serial_sigils_hangedman_carve,
          serial_sigils_hangedman_scratch, serial_sigils_hangedman_clutch,
          roderic_roman_lattice
Depths:5: evilmike_zot_entry_argh, layout_small_grid,
          chequers_serial_rivers_large_b, hell_entry

Skill      XL: |  1  2  3  4  5  6  7  8  9 10 11 12 13 14 15 16 17 18 19 20 21 22 23 24 |
---------------+-------------------------------------------------------------------------+-----
Armour         | 3 4 5 7 9 11 13 17 19 20 21 22 | 22.0
Axes           | 4 5 7 9 10 11 12 13 14 15 18 20 | 20.0
Fighting       | 4 5 7 8 9 11 13 14 15 16 17 18 19 22 | 22.2
Dodging        | 3 5 8 9 11 12 13 | 13.0
Evocations     | 1 4 9 10 11 14 | 14.0
Crossbows      | 9 10 14 17 | 17.2
Polearms       | 8 17 18 22 23 | 23.8

Action                   |  1- 3 |  4- 6 |  7- 9 | 10-12 | 13-15 | 16-18 | 19-21 | 22-24 || total
-------------------------+-------+-------+-------+-------+-------+-------+-------+-------++-------
Melee: Hand axe          |    78 |   132 |    75 |       |       |       |       |       ||   285
       Headbutt          |     6 |    25 |    33 |   116 |   287 |   269 |   228 |   499 ||  1463
       Battleaxe         |       |       |   135 |   501 |   674 |   497 |   200 |       ||  2007
       War axe           |       |       |       |    12 |    17 |       |       |       ||    29
       Executioner's axe |       |       |       |       |   434 |   708 |   170 |       ||  1312
       Arbalest          |       |       |       |       |       |     3 |       |       ||     3
       Scythe            |       |       |       |       |       |       |   585 |  1745 ||  2330
 Fire: Arbalest          |       |       |       |       |    10 |   119 |   144 |    70 ||   343
Throw: Stone             |     7 |       |     1 |       |    20 |       |       |       ||    28
       Dart              |       |       |       |       |     2 |       |       |       ||     2
       Boomerang         |       |       |       |       |       |       |       |     2 ||     2
Invok: Berserk           |       |     2 |     5 |    11 |    10 |     7 |     2 |     3 ||    40
       Trog's Hand       |       |       |     1 |    11 |     8 |     2 |     5 |     5 ||    32
       Brothers in Arms  |       |       |     1 |     1 |     5 |     2 |     4 |     3 ||    16
Evoke: Wand              |       |       |       |     2 |     5 |     1 |       |     4 ||    12
       Condenser vane    |       |       |       |       |       |     1 |       |     1 ||     2
       Box of beasts     |       |       |       |       |       |     1 |       |       ||     1
       Tin of tremorston |       |       |       |       |       |       |       |     3 ||     3
       Phantom mirror    |       |       |       |       |       |       |       |     1 ||     1
  Use: Scroll            |       |     6 |     7 |     7 |    13 |    12 |     6 |     4 ||    55
       Potion            |       |       |       |     1 |     2 |     2 |     3 |     4 ||    12
 Stab: Sleeping          |     2 |       |       |       |       |       |       |       ||     2
       Paralysed         |       |       |       |       |     5 |       |       |       ||     5
       Distracted        |       |       |       |       |     1 |     1 |     1 |       ||     3
Armor: Animal skin       |    12 |       |       |       |       |       |       |       ||    12
       Ring mail         |    23 |    50 |    76 |   124 |       |       |       |       ||   273
       Plate armour      |       |       |       |    81 |   578 |       |       |       ||   659
       Crystal plate arm |       |       |       |       |   232 |  1884 |   806 |   856 ||  3778
Dodge: Dodged            |    66 |    79 |   131 |   409 |   831 |   772 |   542 |   852 ||  3682
